 Dungeon Crawl Stone Soup version 0.31-a0-325-g067879e3d3 (webtiles) character file.

Game seed: 8583741436532171254

119 IdlyInterested the Ducker (level 4, 0/35 HPs)
             Began as a Demonspawn Gladiator on July 18, 2023.
             Slain by a gnoll
             ... wielding a +0 spear
              (1 damage)
             ... on level 3 of the Dungeon.
             The game lasted 00:06:04 (2112 turns).

IdlyInterested the Ducker (Demonspawn Gladiator)    Turns: 2112, Time: 00:06:04

Health: 0/35       AC: 10    Str: 14    XL:     4   Next: 73%
Magic:  4/4        EV: 10    Int: 10    God:
Gold:   137        SH:  0    Dex: 16    Spells: 3/3 levels left

rFire   . . .        g - +1 dagger (venom)
rCold   . . .        (no shield)
rNeg    . . .        p - +0 scale mail
rPois   +            c - +0 helmet
rElec   .            (no cloak)
rCorr   .            q - +2 pair of gloves
SInv    .            (no boots)
Will    .....        (no amulet)
Stlth   +            n - ring of poison resistance
HPRegen 0.25/turn    (no ring)
MPRegen 0.09/turn

%: no passive effects
@: no status effects
A: powered by death 1, demonic magic 1
a: no special abilities


You were on level 3 of the Dungeon.
You visited 1 branch of the dungeon, and saw 3 of its levels.

You collected 137 gold pieces.

Inventory:

Hand Weapons
 g - a +1 dagger of venom (weapon)
 l - a +0 short sword
Missiles
 d - a throwing net
 e - a javelin
 f - 6 boomerangs
 h - 28 stones (quivered)
 s - 9 poisoned darts
Armour
 c - a +0 helmet (worn)
 k - a +0 ring mail
 p - a +0 scale mail (worn)
 q - a +2 pair of gloves (worn)
Magical Staves
 t - a staff of conjuration
Jewellery
 n - a ring of poison resistance (left hand)
Scrolls
 b - a scroll of fog {unknown}
 i - a scroll of silence {unknown}
 j - a scroll of revelation {unknown}
 m - a scroll of noise {unknown}
 r - a scroll of teleportation


   Skills:
 - Level 3.0 Fighting
 * Level 2.1 Short Blades
 - Level 2.8 Maces & Flails
 - Level 1.7 Throwing
 - Level 3.0 Dodging
 * Level 2.1 Stealth


You had 3 spell levels left.
You didn't know any spells.
Your spell library contained the following spells:

 Spells                   Type           Power      Damage    Failure   Level
 Sandblast                Erth           0%         2d4       86%         1
 Passwall                 Tmut/Erth      0%         N/A       95%         2
 Stone Arrow              Conj/Erth      0%         3d7       99%         3
 Vhi's Electric Charge    Tloc/Air       0%         N/A       99%         3
 Arcjolt                  Conj/Air       0%         1d10      100%        5
 Maxwell's Capacitive Co  Air            0%         ∞         100%        8


Dungeon Overview and Level Annotations

Branches:
Dungeon (3/15)

Altars:
Dithmenos
Hepliaklqana


Innate Abilities, Weirdness & Mutations

You regenerate a little health from kills.
Spells you cast may paralyse adjacent enemies.


Message History

The gnoll is lightly wounded.
You hit the gnoll but do no damage.
The gnoll is moderately wounded.
The gnoll hits you from afar with a +0 spear.
The gnoll hits you but does no damage.
You hit the gnoll but do no damage.
The gnoll looks as sick as possible!
The gnoll is heavily wounded.
The gnoll hits you with a +0 flail. The gnoll closely misses you.
You hit the gnoll.
The gnoll looks as sick as possible!
The gnoll is heavily wounded.
The gnoll hits you with a +0 flail.
The gnoll hits you from afar with a +0 spear!
* * * LOW HITPOINT WARNING * * *
It was a potion of attraction.
You feel attractive to monsters.
You kill the gnoll!
The gnoll misses you. The gnoll is attracted toward you.
Training target 3.0 for Fighting reached!
Your Fighting skill increases to level 3!
Throw: 3 throwing nets
Press: ? - help, Shift-Dir - straight line, f - gnoll
Aim: a gnoll, wielding a +0 spear (61% to hit)
You throw a throwing net.
The throwing net closely misses the gnoll.
The gnoll hits you with a +0 spear.
* * * LOW HITPOINT WARNING * * *
Throw: 2 throwing nets
Press: ? - help, Shift-Dir - straight line, f/p - gnoll
Aim: a gnoll, wielding a +0 spear (61% to hit)
You throw a throwing net.
The throwing net barely misses the gnoll.
The gnoll barely misses you.
Unknown command.
It was a potion of cancellation.
Your magical effects are unravelling.
You feel magically purged.
The gnoll hits you but does no damage. x2
You feel less attractive to monsters.
You hit the gnoll but do no damage.
The gnoll is poisoned.
The gnoll hits you from afar with a +0 spear.
You die...

#......)..###....#§##
#..........###...###
##....†...## #####
#..........#
#..........#
#..........###
#..........gS#
#........g.#g#
..........##@#
.......g###.#
......g.. ...
..............
(..............
..........#.).....
##....................
...).. .###....!....
..#..#


You could see 2 gnolls and an adder.

Vanquished Creatures
  Jessica (D:2)
  An adder (D:2)
  2 gnolls (D:3)
  2 worms
  2 endoplasms
  4 giant cockroaches
  5 hobgoblins (D:2)
  2 jackals (D:2)
  13 kobolds
  2 quokkas
  3 ball pythons (D:1)
  5 bats
  3 frilled lizards
  7 goblins
  7 rats
59 creatures vanquished.

Notes
Turn   | Place    | Note
-------+----------+-------------------------------------------
     0 | D:1      | IdlyInterested the Demonspawn Gladiator began the quest for
                  | the Orb.
     0 | D:1      | Reached XP level 1. HP: 16/16 MP: 1/1
   216 | D:1      | Gained mutation: Spells you cast may paralyse adjacent
                  | enemies. [demonic ancestry]
   216 | D:1      | Reached XP level 2. HP: 22/22 MP: 2/2
   255 | D:1      | You fall into a shaft and drop 1 floor!
   257 | D:2      | Noticed Jessica
   265 | D:2      | Killed Jessica
   266 | D:2      | Reached skill level 1 in Short Blades
   266 | D:2      | Reached skill level 1 in Stealth
   266 | D:2      | Reached XP level 3. HP: 24/28 MP: 3/3
   595 | D:2      | Gained mutation: You regenerate a little health from kills.
                  | [demonic ancestry]
   595 | D:2      | Reached XP level 4. HP: 34/34 MP: 4/4
  2025 | D:3      | Found a hazy altar of Hepliaklqana.
  2026 | D:3      | Found a shadowy altar of Dithmenos.
  2026 | D:3      | Noticed a shadow
  2109 | D:3      | HP: 1/35 [gnoll/+0 spear (5)]
  2112 | D:3      | Slain by a gnoll

Illustrated notes

Levels and vault maps discovered:
D:1:      dpeg_arrival_rooms_c, layout_loops_ring, minmay_pentomino_x4
D:2:      cheibrodos_greedy_goblins, layout_basic, uniq_jessica
D:3:      minmay_evil_eye, layout_rooms, riverfiend_overflow_shadow_ancestor,
          dancing_weapons_uskayaw, dreamdust_princess_bridge, uniq_ijyb,
          uniq_robin

Skill      XL: |  1  2  3  4 |
---------------+-------------+-----
Dodging        | 3 |  3.0
Short Blades   | 1 2 |  2.1
Stealth        | 1 2 |  2.1
Fighting       | 3 |  3.0
Maces & Flails | |  2.8
Throwing       | |  1.7

Action                     |  1- 3 |  4- 6 || total
---------------------------+-------+-------++-------
  Melee: Flail             |    34 |       ||    34
         Dagger            |    48 |   112 ||   160
         Punch             |     1 |       ||     1
  Throw: Stone             |     2 |       ||     2
         Throwing net      |       |     2 ||     2
    Use: Potion            |       |     2 ||     2
         Scroll            |       |     1 ||     1
 Armour: Ring mail         |    12 |       ||    12
         Leather armour    |     3 |       ||     3
         Scale mail        |     7 |    44 ||    51
  Dodge: Dodged            |    53 |    49 ||   102

Table legend: (Time is in decaauts)
 A = Elapsed time spent in this place.
 B = Non-inter-level travel time spent in this place.
 C = Inter-level travel time spent in this place.
 D = Time resting spent in this place.
 E = Time spent auto-exploring this place.
 F = Levels seen in this place.
 G = Mean time per level.
                   A        B        C        D        E       F      G
               +--------+--------+--------+--------+--------+-----+--------+
         Total |   2106 |   1917 |    189 |    114 |   1261 |   3 |  702.0 |
       Dungeon |   2106 |   1917 |    189 |    114 |   1261 |   3 |  702.0 |
               +--------+--------+--------+--------+--------+-----+--------+

Top non-repeatable levels by time:
     D:2: 1056 daAuts
     D:1: 910 daAuts
     D:3: 139 daAuts
